[ AOE2 MATCH · #495904698 ]
UnrankedVietnamese vs Celts
Rival team · LOSS
[ REPLAY ANALYSIS · EXTRACTED FROM THE RECORDED GAME ]
Feudal
10:06
Castle
20:28
Imperial
33:19
| APM avg | 56.7 |
| APM peak | 95 |
| eAPM avg | 25.8 |
| Villagers / military | 136 / 48 |
Focus
⚔️ 27.7% · 🌾 72.3%
Knight ×17 · Fire Lancer ×15 · Skirmisher ×8 · Militia ×4 · Monk ×3 · Scout Cavalry ×1
Feudal
8:54
Castle
18:51
Imperial
—
| APM avg | 60.3 |
| APM peak | 92 |
| eAPM avg | 30.7 |
| Villagers / military | 176 / 43 |
Focus
⚔️ 22.4% · 🌾 77.6%
Spearman ×19 · Skirmisher ×15 · Monk ×5 · Battering Ram ×2 · Archer ×1 · Knight ×1
Match map
Initial resources + every placement click. Lines = walls · curves = elevation contours. ◆ gold · ⬟ stone · ● berries · ✦ relic · ◌ wall gap
Your base· ✓ Closed at 20:28 · 24t walls · no gate
NU Apartment's base· Open — opponent sealed themselves in
Smoothed initial terrain · ◌ = detected wall gap · hover for details
Inputs per minute
— vuppE - - NU Apartment
Build order — vuppE
First 150 of 267 actions detected
| 0:01 | Queue | Villager (Male) ×4 |
| 0:02 | Build | House |
| 0:03 | Build | House |
| 1:37 | Queue | Villager (Male) |
| 1:37 | Queue | Villager (Male) |
| 2:01 | Build | Lumber Camp |
| 2:02 | Queue | Villager (Male) |
| 2:28 | Queue | Villager (Male) |
| 2:51 | Queue | Villager (Male) |
| 2:59 | Queue | Villager (Male) |
| 3:31 | Queue | Villager (Male) |
| 3:51 | Build | House |
| 4:02 | Queue | Villager (Male) |
| 4:22 | Queue | Villager (Male) |
| 4:36 | Build | Barracks |
| 4:58 | Build | House |
| 5:00 | Queue | Villager (Male) |
| 5:17 | Queue | Villager (Male) |
| 5:32 | Queue | Militia |
| 5:33 | Queue | Militia |
| 5:39 | Queue | Villager (Male) |
| 5:57 | Build | House |
| 6:08 | Queue | Villager (Male) |
| 6:29 | Queue | Villager (Male) |
| 6:44 | Build | Mill |
| 7:01 | Queue | Villager (Male) |
| 7:08 | Research | Loom |
| 7:48 | Research | Feudal Age |
| 8:02 | Queue | Militia |
| 8:18 | Build | Mining Camp |
| 8:37 | Build | Palisade Wall |
| 9:10 | Queue | Militia |
| 9:22 | Build | Mill |
| 9:37 | Queue | Villager (Male) |
| 10:06 | Age | Feudal Age |
| 10:07 | Research | Man-at-Arms (upgrade) |
| 10:10 | Research | Double-Bit Axe |
| 10:13 | Build | Archery Range |
| 10:20 | Queue | Villager (Male) |
| 10:46 | Research | Horse Collar |
| 10:47 | Queue | Villager (Male) |
| 10:49 | Build | House |
| 10:59 | Queue | Skirmisher |
| 11:06 | Build | Farm |
| 11:17 | Build | Farm |
| 11:19 | Queue | Villager (Male) |
| 11:22 | Build | Farm |
| 11:25 | Queue | Skirmisher |
| 11:27 | Build | House |
| 11:41 | Queue | Villager (Male) |
| 11:42 | Queue | Skirmisher |
| 11:47 | Build | House |
| 12:01 | Build | Farm |
| 12:02 | Queue | Villager (Male) |
| 12:08 | Build | House |
| 12:18 | Build | Palisade Wall |
| 12:22 | Build | Farm |
| 12:27 | Queue | Skirmisher |
| 12:30 | Queue | Villager (Male) |
| 12:45 | Queue | Skirmisher |
| 12:49 | Queue | Villager (Male) |
| 12:59 | Build | Blacksmith |
| 13:05 | Queue | Skirmisher |
| 13:15 | Queue | Villager (Male) |
| 13:18 | Build | Farm |
| 13:39 | Build | Farm |
| 13:41 | Queue | Skirmisher |
| 13:42 | Research | Fletching |
| 13:45 | Queue | Villager (Male) |
| 13:47 | Build | Farm |
| 14:04 | Queue | Skirmisher |
| 14:07 | Queue | Villager (Male) |
| 14:11 | Build | House |
| 14:33 | Queue | Villager (Male) |
| 14:43 | Build | Farm |
| 14:45 | Build | Farm |
| 14:52 | Build | House |
| 15:04 | Research | Wheelbarrow |
| 15:11 | Build | Farm |
| 15:12 | Build | Farm |
| 15:38 | Queue | Villager (Male) |
| 15:39 | Build | Farm |
| 15:47 | Build | House |
| 16:03 | Build | Farm |
| 16:04 | Build | Farm |
| 16:06 | Queue | Villager (Male) |
| 16:14 | Build | Farm |
| 16:23 | Queue | Villager (Male) |
| 16:26 | Build | Palisade Wall |
| 16:51 | Build | Stable |
| 16:54 | Queue | Villager (Male) |
| 17:07 | Queue | Villager (Male) |
| 17:12 | Build | House |
| 17:42 | Research | Castle Age |
| 18:07 | Build | House |
| 18:42 | Research | Scale Barding Armor |
| 18:48 | Build | Farm |
| 18:49 | Build | Farm |
| 18:55 | Research | Bloodlines |
| 19:49 | Queue | Villager (Male) |
| 20:23 | Build | Stable |
| 20:28 | Age | Castle Age |
| 20:30 | Build | Town Center |
| 20:35 | Research | Bow Saw |
| 20:38 | Queue | Knight |
| 20:38 | Queue | Knight |
| 20:39 | Build | Town Center |
| 20:42 | Queue | Villager (Male) |
| 20:50 | Research | Hand Cart |
| 21:14 | Queue | Knight |
| 21:15 | Queue | Knight |
| 21:19 | Build | House |
| 21:22 | Queue | Villager (Male) |
| 21:33 | Research | Husbandry |
| 21:42 | Build | Palisade Gate |
| 21:46 | Queue | Villager (Male) |
| 21:49 | Build | Farm |
| 21:51 | Build | Farm |
| 21:56 | Build | Farm |
| 21:58 | Queue | Villager (Male) |
| 21:59 | Build | Farm |
| 22:01 | Queue | Knight |
| 22:01 | Queue | Knight |
| 22:03 | Queue | Villager (Male) |
| 22:14 | Build | Farm |
| 22:18 | Queue | Knight |
| 22:18 | Queue | Knight |
| 22:30 | Queue | Villager (Male) |
| 22:30 | Queue | Villager (Male) |
| 22:32 | Build | Farm |
| 22:39 | Queue | Villager (Male) |
| 22:39 | Queue | Villager (Male) |
| 22:41 | Build | Farm |
| 22:44 | Queue | Villager (Male) ×2 |
| 22:49 | Queue | Villager (Male) |
| 22:50 | Build | Farm |
| 22:53 | Queue | Villager (Male) |
| 22:54 | Queue | Villager (Male) |
| 23:03 | Queue | Villager (Male) |
| 23:04 | Build | Farm |
| 23:17 | Queue | Villager (Male) ×2 |
| 23:17 | Queue | Villager (Male) ×2 |
| 23:19 | Build | Farm |
| 23:26 | Build | Farm |
| 23:31 | Queue | Villager (Male) ×2 |
| 23:31 | Queue | Villager (Male) ×2 |
| 23:39 | Build | Farm |
| 23:41 | Queue | Knight ×2 |
| 23:45 | Queue | Villager (Male) |
| 23:46 | Build | Farm |
Build order — NU Apartment
First 150 of 354 actions detected
| 0:00 | Queue | Villager (Male) |
| 0:00 | Queue | Villager (Male) |
| 0:01 | Queue | Villager (Male) |
| 0:02 | Build | House |
| 0:03 | Build | House |
| 0:08 | Queue | Villager (Male) |
| 0:08 | Queue | Villager (Male) |
| 1:30 | Queue | Villager (Male) |
| 1:31 | Queue | Villager (Male) |
| 1:54 | Queue | Villager (Male) |
| 1:55 | Build | Lumber Camp |
| 2:22 | Queue | Villager (Male) |
| 2:46 | Build | House |
| 2:55 | Queue | Villager (Male) |
| 3:15 | Queue | Villager (Male) |
| 3:15 | Queue | Villager (Male) |
| 3:32 | Queue | Villager (Male) |
| 4:05 | Build | Mill |
| 4:08 | Queue | Villager (Male) |
| 4:09 | Queue | Villager (Male) |
| 4:09 | Queue | Villager (Male) |
| 4:10 | Build | Palisade Wall |
| 4:26 | Queue | Villager (Male) |
| 4:26 | Queue | Villager (Male) |
| 4:50 | Queue | Villager (Male) |
| 5:03 | Queue | Villager (Male) |
| 5:11 | Queue | Villager (Male) |
| 5:46 | Build | Mill |
| 6:17 | Research | Loom |
| 6:44 | Research | Feudal Age |
| 7:22 | Queue | Villager (Male) |
| 7:35 | Build | Palisade Wall |
| 7:35 | Build | Palisade Wall |
| 7:36 | Build | Palisade Wall |
| 7:38 | Queue | Villager (Male) |
| 7:48 | Queue | Villager (Male) |
| 8:03 | Build | Barracks |
| 8:23 | Queue | Villager (Male) |
| 8:36 | Build | Mill |
| 8:39 | Queue | Villager (Male) |
| 8:41 | Build | House |
| 8:43 | Build | Palisade Wall |
| 8:54 | Age | Feudal Age |
| 8:54 | Queue | Villager (Male) |
| 9:08 | Queue | Villager (Male) |
| 9:21 | Research | Double-Bit Axe |
| 9:24 | Queue | Villager (Male) |
| 9:49 | Queue | Villager (Male) |
| 9:59 | Build | Palisade Wall |
| 10:02 | Build | Archery Range |
| 10:09 | Queue | Villager (Male) |
| 10:27 | Build | Palisade Gate |
| 10:35 | Queue | Villager (Male) |
| 10:37 | Queue | Villager (Male) |
| 10:39 | Build | Palisade Wall |
| 10:40 | Build | Palisade Wall |
| 10:42 | Build | House |
| 10:44 | Build | Palisade Wall |
| 10:55 | Queue | Villager (Male) |
| 10:58 | Queue | Villager (Male) |
| 11:04 | Build | Mining Camp |
| 11:11 | Build | Palisade Wall |
| 11:12 | Queue | Skirmisher |
| 11:14 | Build | House |
| 11:18 | Queue | Villager (Male) |
| 11:26 | Queue | Villager (Male) |
| 11:34 | Queue | Skirmisher |
| 11:36 | Queue | Villager (Male) |
| 11:48 | Queue | Villager (Male) |
| 11:52 | Build | Palisade Gate |
| 12:03 | Queue | Skirmisher |
| 12:19 | Build | House |
| 12:29 | Build | Blacksmith |
| 12:30 | Queue | Villager (Male) |
| 12:39 | Queue | Villager (Male) |
| 12:55 | Queue | Skirmisher |
| 13:02 | Build | House |
| 13:03 | Build | Palisade Wall |
| 13:05 | Queue | Villager (Male) |
| 13:07 | Queue | Villager (Male) |
| 13:10 | Build | House |
| 13:19 | Queue | Archer |
| 13:33 | Build | Palisade Wall |
| 13:39 | Queue | Skirmisher |
| 13:52 | Build | House |
| 14:04 | Queue | Villager (Male) |
| 14:05 | Build | House |
| 14:10 | Research | Fletching |
| 14:24 | Queue | Skirmisher |
| 14:28 | Queue | Skirmisher |
| 14:52 | Queue | Villager (Male) |
| 15:03 | Queue | Skirmisher |
| 15:10 | Build | Stable |
| 15:12 | Queue | Villager (Male) |
| 15:24 | Queue | Villager (Male) |
| 15:32 | Queue | Villager (Male) |
| 15:55 | Build | House |
| 16:01 | Build | Farm |
| 16:02 | Build | Farm |
| 16:11 | Research | Castle Age |
| 16:11 | Research | Castle Age |
| 16:17 | Build | Farm |
| 16:32 | Build | Farm |
| 16:33 | Build | Farm |
| 16:33 | Build | Farm |
| 16:47 | Build | Farm |
| 16:57 | Build | Farm |
| 17:08 | Build | Farm |
| 17:23 | Queue | Skirmisher |
| 17:37 | Research | Horse Collar |
| 17:37 | Research | Horse Collar |
| 18:06 | Queue | Skirmisher |
| 18:20 | Queue | Skirmisher |
| 18:23 | Build | Palisade Gate |
| 18:26 | Queue | Skirmisher |
| 18:51 | Age | Castle Age |
| 18:52 | Queue | Villager (Male) |
| 18:55 | Build | Town Center |
| 18:56 | Queue | Villager (Male) |
| 18:59 | Build | Town Center |
| 19:03 | Queue | Knight |
| 19:33 | Queue | Villager (Male) |
| 19:33 | Queue | Villager (Male) |
| 19:37 | Build | Farm |
| 19:37 | Build | Farm |
| 19:55 | Build | Farm |
| 19:55 | Build | Farm |
| 20:02 | Queue | Villager (Male) |
| 20:03 | Queue | Villager (Male) |
| 20:06 | Build | Farm |
| 20:07 | Build | Farm |
| 20:23 | Queue | Villager (Male) |
| 20:28 | Build | Market |
| 20:34 | Build | Farm |
| 20:36 | Queue | Villager (Male) |
| 20:52 | Queue | Villager (Male) |
| 21:04 | Queue | Skirmisher |
| 21:13 | Build | Farm |
| 21:14 | Queue | Villager (Male) |
| 21:14 | Queue | Villager (Male) |
| 21:23 | Build | Farm |
| 21:24 | Queue | Villager (Male) |
| 21:24 | Queue | Villager (Male) |
| 21:32 | Build | House |
| 21:33 | Build | House |
| 21:34 | Queue | Villager (Male) |
| 21:34 | Queue | Villager (Male) |
| 21:46 | Queue | Villager (Male) |
| 21:46 | Queue | Villager (Male) |
| 21:54 | Build | Farm |
Match timeline
| 4:10 | NU Apartment · wall_segment Palisade Wall x1 |
| 4:36 | vuppE · first_building Barracks |
| 7:35 | NU Apartment · wall_segment Palisade Wall x1 |
| 7:35 | NU Apartment · wall_segment Palisade Wall x1 |
| 7:36 | NU Apartment · wall_segment Palisade Wall x1 |
| 8:03 | NU Apartment · first_building Barracks |
| 8:37 | vuppE · wall_segment Palisade Wall x14 |
| 8:43 | NU Apartment · wall_segment Palisade Wall x1 |
| 8:54 | NU Apartment · age_up feudal |
| 9:59 | NU Apartment · wall_segment Palisade Wall x1 |
| 10:02 | NU Apartment · first_building Archery Range |
| 10:06 | vuppE · age_up feudal |
| 10:13 | vuppE · first_building Archery Range |
| 10:39 | NU Apartment · wall_segment Palisade Wall x1 |
| 10:40 | NU Apartment · wall_segment Palisade Wall x1 |
| 10:44 | NU Apartment · wall_segment Palisade Wall x1 |
| 11:11 | NU Apartment · wall_segment Palisade Wall x4 |
| 12:18 | vuppE · wall_segment Palisade Wall x1 |
| 13:03 | NU Apartment · wall_segment Palisade Wall x1 |
| 13:33 | NU Apartment · wall_segment Palisade Wall x2 |
| 15:10 | NU Apartment · first_building Stable |
| 16:26 | vuppE · wall_segment Palisade Wall x9 |
| 16:51 | vuppE · first_building Stable |
| 18:51 | NU Apartment · age_up castle |
| 20:28 | vuppE · age_up castle |
| 22:03 | NU Apartment · first_building Monastery |
| 22:05 | NU Apartment · first_market_buy 100 food |
| 22:26 | NU Apartment · wall_segment Palisade Wall x5 |
| 24:13 | vuppE · first_building Monastery |
| 27:32 | NU Apartment · wall_segment Palisade Wall x1 |
| 29:30 | NU Apartment · first_building Siege Workshop |
| 30:25 | vuppE · first_building Castle |
| 30:38 | NU Apartment · first_building Castle |
| 33:06 | vuppE · first_market_sell 100 food |
| 33:14 | vuppE · first_building Siege Workshop |
| 33:19 | vuppE · age_up imperial |
| 33:25 | NU Apartment · resign |
[ AI ANALYSIS · 1 CREDIT ]
What really happened in this match?
Wolo.gg analyzes every decision: build order, eco, micro, common mistakes by bracket. Personalized analysis on WhatsApp or Discord in 30 seconds.
Civ guide
Vietnamese
Perfil
Jugador #275144